 Dungeon Crawl Stone Soup version 0.30-a0-424-g7412bad402 (webtiles) character file.

Game seed: 11004254658305783755

2505 p00ps00p the Cleaver (level 9, -4/82 HPs)
             Began as a Hill Orc Fighter on Dec 9, 2022.
             Was an Initiate of Gozag.
             Slain by a cyclops (10 damage)
             ... while petrified by a basilisk
             ... on level 8 of the Dungeon.
             The game lasted 00:11:14 (5736 turns).

p00ps00p the Cleaver (Hill Orc Fighter)             Turns: 5736, Time: 00:11:15

Health: -4/82      AC: 17    Str: 23    XL:     9   Next: 53%
Magic:  9/9        EV:  2    Int: 10    God:    Gozag
Gold:   626        SH:  0    Dex: 10    Spells: 8/8 levels left

rFire   . . .      SeeInvis .    a - +1 war axe (elec)
rCold   . . .      Faith    .    z - +1 tower shield
rNeg    + + +      Spirit   .    n - +0 plate armour
rPois   ∞          Reflect  .    (no helmet)
rElec   .          Harm     .    q - +0 cloak
rCorr   .          Rampage  .    k - +1 pair of gloves
Will    +....                    (no boots)
Stlth   ..........               C - amulet of regeneration
HPRegen 1.13/turn                h - +4 ring of evasion
MPRegen 0.11/turn                s - ring of Xom's Entertainment {Wiz Will+ Int+2}

@: petrified
A: no striking features
a: Renounce Religion, Potion Petition, Call Merchant, Bribe Branch


You were on level 8 of the Dungeon.
You worshipped Gozag.
Gozag was pleased with you.
You visited 2 branches of the dungeon, and saw 10 of its levels.
You also visited: Sewer.

You collected 734 gold pieces.
You paid 108 gold pieces to Gozag.

Inventory:

Hand Weapons
 a - a +1 war axe of electrocution (weapon)
Missiles
 g - 4 atropa-tipped darts (quivered)
 o - 8 poisoned darts
Armour
 k - a +1 pair of gloves (worn)
 n - a +0 plate armour (worn)
 q - a +0 cloak (worn)
 z - a +1 tower shield (worn)
Jewellery
 h - a +4 ring of evasion (left hand)
 m - a ring of resist corrosion
 s - the ring of Xom's Entertainment (right hand) {Wiz Will+ Int+2}
   (You found it on level 3 of the Dungeon)

   [ring of wizardry]

   It improves your spell success rate.
   Int:       It affects your intelligence (+2).
   Will:      It increases your willpower.
 v - an amulet of magic regeneration
 y - a ring of see invisible
 B - a +6 ring of dexterity
 C - an amulet of regeneration (around neck)
 D - a +4 ring of evasion
Wands
 c - a wand of flame (40)
 u - a wand of roots (7)
Scrolls
 r - a scroll of blinking
 x - 2 scrolls of teleportation
Potions
 b - a potion of brilliance
 d - a potion of might
 e - a potion of attraction
 f - a potion of berserk rage
 i - 7 potions of curing
 j - 2 potions of lignification
 l - a potion of haste
 p - 2 potions of invisibility
 t - 2 potions of heal wounds
 A - 2 potions of resistance
 F - a potion of mutation {unknown}
 G - a potion of flight {unknown}


   Skills:
 + Level 8.4 Fighting
 + Level 8.6 Axes
 + Level 7.7 Armour
 + Level 7.6 Shields


You had 8 spell levels left.
You didn't know any spells.
Your spell library contained the following spells:

 Spells                   Type           Power      Damage    Failure   Level
 Beastly Appendage        Tmut           0%         N/A       100%        1
 Sublimation of Blood     Necr           0%         N/A       100%        2
 Wereblood                Tmut           0%         N/A       100%        2
 Spider Form              Tmut/Pois      0%         N/A       100%        3
 Vhi's Electric Charge    Tloc/Air       0%         N/A       100%        3
 Arcjolt                  Conj/Air       0%         1d10      100%        5
 Summon Hydra             Summ           0%         N/A       100%        7
 Maxwell's Capacitive Co  Air            0%         ∞         100%        8
 Chain Lightning          Conj/Air       0%         N/A       100%        9
 Fire Storm               Conj/Fire      0%         5d1       100%        9
 Shatter                  Erth           0%         3d5*      100%        9


Dungeon Overview and Level Annotations

Branches:
Dungeon (9/15)             Temple (1/1) D:5           Sewer (visited)
   Lair: D:8-11         Orc: D:9-12

Altars:
Ashenzari
Cheibriados
Dithmenos
Elyvilon
Fedhas
Gozag
Hepliaklqana
Kikubaaqudgha
Makhleb
Nemelex Xobeh
Okawaru
Qazlal
Ru
Sif Muna
Trog
Vehumet
Wu Jian
Xom
Yredelemnul
Zin
The Shining One

Annotations:
D:8 3 runed translucent doors, equiv's ghost, novice DgFi


Message History

The manticore bites you but does no damage.
The manticore claws you but does no damage. x2
The centaur warrior hits you.
The centaur warrior kicks you but does no damage.
The cyclops hits you! The basilisk bites you!
The orc wizard mumbles some strange words.
The orc wizard flickers and vanishes!
Deactivating autopickup; reactivate with Ctrl-A.
The centaur warrior hits you!
The centaur warrior kicks you but does no damage.
The manticore bites you!
* * * LOW HITPOINT WARNING * * *
The manticore claws you but does no damage.
The manticore claws you.
* * * LOW HITPOINT WARNING * * *
The centaur warrior hits you but does no damage.
The centaur warrior kicks you but does no damage.
The basilisk bites you. The cyclops hits you!
* * * LOW HITPOINT WARNING * * *
The manticore bites you!
* * * LOW HITPOINT WARNING * * *
The manticore claws you but does no damage.
The manticore claws you!
* * * LOW HITPOINT WARNING * * *
The boulder beetle stops rolling and uncurls.
The centaur warrior hits you.
* * * LOW HITPOINT WARNING * * *
The centaur warrior kicks you but does no damage.
The boulder beetle waves its antennae.
The centaur warrior hits you but does no damage.
The centaur warrior barely misses you.
The basilisk bites you but does no damage.
The manticore bites you!
* * * LOW HITPOINT WARNING * * *
The manticore claws you but does no damage. x2
The centaur warrior hits you but does no damage.
The centaur warrior kicks you but does no damage.
The cyclops hits you!!
You die...
Your body crumbles into a pile of gold.

$ $ $ $ ########
###..#[l$# ##
###..##.@C{# ###.
###..####.cHWg....
#...###..###
#.##B....#
..##..)### ##.
..#... #...###..#
# ....#
###...###..# .....
# ##....###..#
#..# ###
#..#...###. $$ #..
###.. ##..#....###
###....


You could see a boulder beetle, a centaur warrior, a manticore, a cyclops, a
basilisk, a wraith and a gnoll sergeant.

Vanquished Creatures
  A wyvern (D:5)
  Edmund (D:5)
  4 black bears
  A sky beast (D:6)
  An ogre (D:5)
  4 phantoms
  4 bullfrogs
  4 necrophages
  3 scorpions
  4 hounds
  An orc priest (D:4)
  2 jellies (D:5)
  A gnoll bouda (D:4)
  5 iguanas
  An orc wizard (D:6)
  A statue (D:6)
  11 adders
  3 gnolls (D:4)
  A shadow imp (D:6)
  3 ufetubi (D:5)
  3 worms
  A dart slug (D:2)
  11 orcs
  18 ball pythons
  5 bats
  16 endoplasms
  7 giant cockroaches
  5 goblins
  6 hobgoblins
  9 quokkas
  19 frilled lizards
  9 kobolds
  9 rats
174 creatures vanquished.

Vanquished Creatures (others)
  8 plants
8 creatures vanquished.

Grand Total: 182 creatures vanquished

Notes
Turn   | Place    | Note
-------+----------+-------------------------------------------
     0 | D:1      | p00ps00p the Hill Orc Fighter began the quest for the Orb.
     0 | D:1      | Reached XP level 1. HP: 19/19 MP: 1/1
   128 | D:1      | Reached XP level 2. HP: 22/27 MP: 2/2
   446 | D:1      | Reached XP level 3. HP: 33/33 MP: 3/3
  1430 | D:2      | Reached XP level 4. HP: 40/40 MP: 4/4
  1624 | D:3      | Noticed a necrophage
  1639 | D:3      | Killed a necrophage
  1640 | D:3      | Reached XP level 5. HP: 47/47 MP: 5/5
  1762 | D:3      | Found a snail-covered altar of Cheibriados.
  1762 | D:3      | Found a white marble altar of Elyvilon.
  1762 | D:3      | Found a broken altar of Ashenzari.
  1764 | D:3      | Found a stormy altar of Qazlal.
  1941 | D:3      | Found a glowing drain.
  1956 | Sewer    | Entered a sewer
  2107 | Sewer    | Reached skill level 5 in Fighting
  2107 | Sewer    | Reached XP level 6. HP: 56/56 MP: 6/6
  2356 | Sewer    | Reached skill level 5 in Axes
  2356 | Sewer    | Reached skill level 5 in Armour
  2620 | D:3      | Identified the ring of Xom's Entertainment {Wiz Will+
                  | Int+2}
  2709 | D:3      | Reached skill level 5 in Shields
  2761 | D:4      | Reached XP level 7. HP: 59/61 MP: 7/7
  3116 | D:4      | Reached XP level 8. HP: 69/71 MP: 8/8
  3757 | D:5      | Entered Level 5 of the Dungeon
  3820 | D:5      | Noticed Edmund
  3821 | D:5      | Found a staircase to the Ecumenical Temple.
  3840 | D:5      | Killed Edmund
  3954 | Temple   | Entered the Ecumenical Temple
  3954 | Temple   | Noticed an ice devil
  3954 | Temple   | Noticed an ice devil
  3954 | Temple   | Noticed an Ice Fiend
  3954 | Temple   | Noticed a ynoxinul
  3955 | Temple   | Noticed a hellwing
  3955 | Temple   | Noticed Diasch the pandemonium lord
  3955 | Temple   | Noticed Cuckeb the pandemonium lord
  3955 | Temple   | Noticed a shadow demon
  3956 | Temple   | Noticed a soul eater
  3956 | Temple   | Noticed a Brimstone Fiend
  3956 | Temple   | Noticed an orange demon
  3958 | Temple   | Noticed Lusoyz the pandemonium lord
  3980 | Temple   | Noticed a sun demon
  3982 | Temple   | Noticed a green death
  3994 | Temple   | Noticed an ice devil
  3999 | Temple   | Noticed Milaups the pandemonium lord
  4017 | Temple   | Noticed a shadow demon
  4019 | Temple   | Noticed Tisuysos the pandemonium lord
  4029 | Temple   | Noticed an orange demon
  4030 | Temple   | Noticed Femess the pandemonium lord
  4070 | Temple   | Became a worshipper of Gozag Ym Sagoz the Greedy
  4248 | D:5      | Noticed a wyvern
  4257 | D:5      | Killed a wyvern
  4497 | D:6      | Reached XP level 9. HP: 79/79 MP: 9/9
  4604 | D:6      | Found a radiant altar of Vehumet.
  5539 | D:6      | Found a blossoming altar of Fedhas.
  5622 | D:7      | You fall into a shaft and drop 2 floors!
  5630 | D:8      | Found a runed translucent gate.
  5631 | D:8      | Found a runed translucent gate.
  5632 | D:8      | Found a runed translucent gate.
  5634 | D:8      | Noticed equiv's ghost (novice DgFi)
  5635 | D:8      | Noticed an 11-headed hydra
  5723 | D:8      | Noticed a cyclops
  5724 | D:8      | Noticed a manticore
  5724 | D:8      | Noticed a boulder beetle
  5725 | D:8      | Noticed a centaur warrior
  5736 | D:8      | Slain by a cyclops

Illustrated notes

Levels and vault maps discovered:
D:1:      scummos_arrival_checkerplants, layout_basic, minivault_27
D:2:      layout_basic
D:3:      layout_basic, grunt_temple_overflow_open,
          cheibrodos_sewer_entry_drain, nicolae_concentric_dashed_squares_mild,
          minmay_fractal_squares_5
D:4:      layout_cave_pools, grunt_ministairs_3
D:5:      layout_rooms, minmay_temple_entry_water_ring, uniq_edmund
D:6:      layout_basic, vehumet_statue, general_overflow_altar,
          minmay_lizard_king
D:7:      layout_cave_pods, nicolae_uskayaw_dance_hall, serial_shops, shop,
          kennysheep_mini_moat, shop, nicolae_shop_window_shopping,
          enter_bailey_3
D:8:      minmay_the_grid_four_pointed_star
          [minmay_the_grid_triangle_9x9_stretched_checkered,
          minmay_the_grid_triangle_9x9_from_above,
          minmay_the_grid_triangle_9x9_corrupted_corridor,
          minmay_the_grid_triangle_9x9_thin_v, minmay_the_grid_prize_big_room],
          layout_gridville, gammafunk_ghost_hydra_chop, serial_glass,
          glass_columns_b, glass_columns_b
D:9:      nicolae_cairo_tiling_large, layout_gridville, david_orc_4, the_hattery
Temple:   nicolae_temple_panitentiary

Skill      XL: |  1  2  3  4  5  6  7  8  9 |
---------------+----------------------------+-----
Axes           | 3 4 5 6 7 8 |  8.6
Fighting       | 4 5 6 7 8 |  8.4
Armour         | 4 5 7 |  7.7
Shields        | 4 5 6 7 |  7.6

Action                   |  1- 3 |  4- 6 |  7- 9 || total
-------------------------+-------+-------+-------++-------
Melee: War axe           |    98 |   259 |   204 ||   561
  Use: Scroll            |     6 |     7 |    10 ||    23
       Potion            |       |     1 |     3 ||     4
Armor: Scale mail        |    38 |       |       ||    38
       Plate armour      |    10 |   159 |   166 ||   335
Dodge: Dodged            |    53 |   161 |    95 ||   309
Block: Buckler           |    20 |    78 |    22 ||   120
       Tower shield      |       |       |   109 ||   109

Table legend: (Time is in decaauts)
 A = Elapsed time spent in this place.
 B = Non-inter-level travel time spent in this place.
 C = Inter-level travel time spent in this place.
 D = Time resting spent in this place.
 E = Time spent auto-exploring this place.
 F = Levels seen in this place.
 G = Mean time per level.
                   A        B        C        D        E       F      G
               +--------+--------+--------+--------+--------+-----+--------+
         Total |   6004 |   5826 |    178 |    129 |   3846 |  11 |  545.8 |
       Dungeon |   5304 |   5142 |    162 |    129 |   3569 |   9 |  589.3 |
        Temple |    132 |    116 |     16 |      0 |     81 |   1 |  132.0 |
         Sewer |    566 |    566 |      0 |      0 |    195 |   1 |  566.0 |
               +--------+--------+--------+--------+--------+-----+--------+

Top non-repeatable levels by time:
     D:6: 1132 daAuts
     D:4: 1032 daAuts
     D:1: 853 daAuts
     D:3: 819 daAuts
     D:2: 684 daAuts
     D:5: 615 daAuts
   Sewer: 566 daAuts
  Temple: 132 daAuts
     D:8: 114 daAuts
     D:7: 46 daAuts
     D:9: 5 daAuts
